 Dungeon Crawl Stone Soup version 0.18.1-8-gdd0e5ea (webtiles) character file.

112 buf2 the Skirmisher (level 5, -4/41 HPs)
             Began as a Human Wanderer on June 3, 2016.
             Was an Initiate of Sif Muna.
             Slain by an orc
             ... wielding a +0 trident
              (8 damage)
             ... on level 3 of the Dungeon.
             The game lasted 00:10:44 (2535 turns).

buf2 the Skirmisher (Human Wanderer)                Turns: 2535, Time: 00:10:45

Health: -4/41      AC:  3    Str: 13    XL:     5   Next: 16%
Magic:  5/5        EV: 11    Int: 12    God:    Sif Muna [......]
Gold:   54         SH:  0    Dex: 13    Spells: 0 memorised, 4 levels left

rFire  . . .     SeeInvis .     a - +2 falchion
rCold  . . .     Gourm    .     g - +0 leather armour
rNeg   . . .     Faith    .     (no shield)
rPois  .         Spirit   .     (no helmet)
rElec  .         Dismiss  .     (no cloak)
rCorr  .         Reflect  .     (no gloves)
SustAt +         Harm     .     (no boots)
MR     .....                    (no amulet)
Stlth  ++........               (no ring)
                                h - ring of sustain attributes

@: not resistant to hostile enchantments, unstealthy
A: no striking features
a: Renounce Religion


You were on level 3 of the Dungeon.
You worshipped Sif Muna.
Sif Muna was noncommittal.
You were hungry.

You visited 1 branch of the dungeon, and saw 3 of its levels.

You collected 54 gold pieces.

Inventory:

Hand Weapons
 a - a +2 falchion (weapon)
 e - a +0 dagger
 n - a +0 hand axe
 o - a +0 short sword
 q - a +0 quarterstaff
Missiles
 j - 17 arrows
 l - 18 stones (quivered)
 t - 12 poisoned needles
Armour
 d - a +0 robe
 g - a +0 leather armour (worn)
 m - a +0 chain mail
 s - a +0 ring mail
Jewellery
 h - a ring of sustain attributes (left hand)
Scrolls
 c - 3 scrolls of teleportation
 i - 2 scrolls of remove curse
 u - a scroll of fear {unknown}
Potions
 b - 2 potions of curing
 k - a potion of brilliance {unknown}
Comestibles
 f - 2 bread rations
 r - a fruit


   Skills:
 + Level 3.1 Fighting
 + Level 2.0 Long Blades
 + Level 1.7 Armour
 + Level 1.1 Dodging
 + Level 2.9 Stealth
   Level 2.0 Shields
   Level 1.0 Conjurations
   Level 2.0 Earth Magic


You had 4 spell levels left.
You didn't know any spells.

Dungeon Overview and Level Annotations

Branches:
Dungeon (3/15)

Altars:
Fedhas
Qazlal
Sif Muna

Annotations:
D:2 exclusion: oklob plant


Message History

The orc wizard is severely wounded.
The orc wizard hits you with a dagger.
* * * LOW HITPOINT WARNING * * *
The orc barely misses you.
You hit the orc wizard.
You kill the orc wizard!
Your Long Blades skill increases to level 2!
Your Dodging skill increases to level 1!
You have reached level 5!
The orc hits you but does no damage. The orc barely misses you.
Things that are here:
a dagger; a robe You closely miss the orc.
The orc hits you with a trident!
* * * LOW HITPOINT WARNING * * *
You barely miss the orc. The orc closely misses you.
You hit the orc.
The orc is heavily wounded.
The orc hits you with a trident!
You die...

##....)##.##
##...###<#
##+## #.## #.
#.# #... #.
##########.##
#### #.
#...........#
#o
#.#######...##
#o #.# #.....#
#. #@# ##...##
#o##o#
##..######
#.))o#
##.......
######
########


You could see 2 orcs.

Vanquished Creatures
  An orc wizard (D:3)
  2 adders
  A worm (D:2)
  2 dart slugs (D:2)
  2 giant geckos
  2 orcs (D:3)
  4 bats
  2 giant cockroaches (D:2)
  10 goblins
  6 hobgoblins
  2 quokkas (D:2)
  3 giant newts (D:1)
  9 kobolds
  5 rats
51 creatures vanquished.

Vanquished Creatures (others)
  A rat (D:2)
  A plant (D:1)
2 creatures vanquished.

Grand Total: 53 creatures vanquished

Notes
Turn   | Place    | Note
--------------------------------------------------------------
     0 | D:1      | buf2 the Human Wanderer began the quest for the Orb.
     0 | D:1      | buf2 set off with: a +2 falchion, a potion of curing, a scroll of teleportation, a +0 robe, a +0 dagger, a bread ration
     0 | D:1      | Reached XP level 1. HP: 16/16 MP: 1/1
   207 | D:1      | Reached XP level 2. HP: 18/23 MP: 2/2
   466 | D:1      | Reached XP level 3. HP: 19/28 MP: 3/3
  1198 | D:2      | Found a blossoming altar of Fedhas.
  1215 | D:2      | Noticed an oklob plant
  1356 | D:2      | Found a deep blue altar of Sif Muna.
  1359 | D:2      | Became a worshipper of Sif Muna the Loreminder
  1389 | D:2      | Found a stormy altar of Qazlal.
  1590 | D:2      | Reached skill level 3 in Fighting
  1590 | D:2      | Reached XP level 4. HP: 24/35 MP: 4/4
  1723 | D:2      | Reached skill level 1 in Armour
  2531 | D:3      | Reached skill level 1 in Dodging
  2531 | D:3      | Reached XP level 5. HP: 11/41 MP: 5/5
  2535 | D:3      | Slain by an orc

Skill      XL: |  1  2  3  4 |
---------------+-------------+-----
Fighting       | 3 |  3.1
Armour         | 1 |  1.7
Long Blades    | 2 |  2.0
Dodging        | 1 |  1.1
Stealth        | |  2.9
Shields        | |  2.0
Conjurations   | |  1.0
Earth Magic    | |  2.0

Action                   |  1- 3 |  4- 6 || total
-------------------------+-------+-------++-------
Melee: Falchion          |    98 |    46 ||   144
  Use: Scroll            |     3 |     1 ||     4
       Potion            |       |     1 ||     1
 Stab: Sleeping          |       |     1 ||     1
  Eat: Chunk             |     2 |     2 ||     4
       Fruit             |       |     1 ||     1
Armor: Leather armour    |    27 |     7 ||    34
Dodge: Dodged            |    58 |    35 ||    93
